 Dungeon Crawl Stone Soup version 0.30-a0-377-g5cb311bc9f (webtiles) character file.

Game seed: 3915149250517975949

6472 NinjaNoafa the Severer (level 10, 0/83 HPs)
             Began as a Minotaur Fighter on Nov 27, 2022.
             Was a Follower of Fedhas.
             Succumbed to a black mamba's poison
             ... on level 1 of the Lair of Beasts.
             The game lasted 00:13:48 (8786 turns).

NinjaNoafa the Severer (Minotaur Fighter)           Turns: 8786, Time: 00:13:48

Health: 0/83       AC: 13    Str: 26    XL:     10   Next: 68%
Magic:  9/9        EV:  6    Int:  5    God:    Fedhas [*.....]
Gold:   193        SH: 11    Dex:  9    Spells: 9/9 levels left

rFire   + . .      SeeInvis .    k - +0 broad axe (flame)
rCold   + + .      Faith    .    H - +0 tower shield
rNeg    . . .      Spirit   .    G - +5 scale mail of Lugonu's Benevolence {+Inv rElec}
rPois   +          Reflect  .    (helmet restricted)
rElec   +          Harm     .    (no cloak)
rCorr   +          Rampage  .    (no gloves)
Will    .....                    e - +0 pair of boots
Stlth   ..........               (no amulet)
HPRegen 0.33/turn                v - ring of protection from cold
MPRegen 0.11/turn                a - ring of resist corrosion

@: lethally poisoned (0 -> -3), resistant
A: horns 2, retaliatory headbutt
a: Renounce Religion, Evoke Invisibility


You were on level 1 of the Lair of Beasts.
You worshipped Fedhas.
Fedhas was aware of your devotion.
You visited 3 branches of the dungeon, and saw 10 of its levels.

You collected 381 gold pieces.
You spent 188 gold pieces at shops.

Inventory:

Hand Weapons
 k - a +0 broad axe of flaming (weapon)
Missiles
 g - 8 boomerangs (quivered)
 h - 100 stones
 m - a curare-tipped dart
 x - 2 atropa-tipped darts
 y - 34 poisoned darts
Armour
 e - a +0 pair of boots (worn)
 G - the +5 scale mail of Lugonu's Benevolence (worn) {+Inv rElec}
   (You found it on level 6 of the Dungeon)

   rElec:     It insulates you from electricity.
   +Inv:      It lets you turn invisible.
 H - a +0 tower shield (worn)
Jewellery
 a - a ring of resist corrosion (right hand)
 t - a ring of fire
 v - a ring of protection from cold (left hand)
 I - a ring of flight
Wands
 c - a wand of charming (9)
 J - a wand of quicksilver (7)
Scrolls
 f - 6 scrolls of teleportation
 i - 4 scrolls of fear
 n - a scroll of magic mapping
 q - a scroll of vulnerability
 s - 2 scrolls of immolation {unknown}
 u - 3 scrolls of poison {unknown}
 w - a scroll of silence
 z - 2 scrolls of summoning {unknown}
 A - a scroll of noise
 C - a scroll of brand weapon
 D - 2 scrolls of amnesia
 E - a scroll of fog
Potions
 b - 2 potions of brilliance
 d - a potion of might
 j - a potion of mutation
 l - 3 potions of degeneration
 o - a potion of haste
 r - a potion of lignification
 B - a potion of attraction
 F - a potion of resistance


   Skills:
 - Level 6.0 Fighting
 + Level 17.8 Axes
 - Level 6.0 Armour
 - Level 3.6 Shields


You had 9 spell levels left.
You didn't know any spells.
Your spell library contained the following spells:

 Spells                   Type           Power      Damage    Failure   Level
 Beastly Appendage        Tmut           0%         N/A       100%        1
 Wereblood                Tmut           0%         N/A       100%        2
 Spider Form              Tmut/Pois      0%         N/A       100%        3
 Summon Lightning Spire   Summ/Air       0%         N/A       100%        4
 Storm Form               Tmut/Air       0%         N/A       100%        7
 Maxwell's Capacitive Co  Air            0%         ∞         100%        8


Dungeon Overview and Level Annotations

Branches:
Dungeon (8/15)             Temple (1/1) D:7            Lair (1/5) D:8

Altars:
Ashenzari
Dithmenos
Fedhas
Nemelex Xobeh
Okawaru
Qazlal
Ru
Sif Muna
Trog
Vehumet
Xom
Yredelemnul
Zin
The Shining One

Shops:
D:5 [   D:7 *((   D:8 *


Innate Abilities, Weirdness & Mutations

You have a pair of horns on your head.
You reflexively headbutt those who attack you in melee.


Message History

The black mamba is severely wounded.
You feel very sick. You block the black mamba's attack.
The black mamba bites you.
You are more poisoned.
The black mamba poisons you!
You completely miss the black mamba. You headbutt the black mamba!
The black mamba is almost dead.
You feel extremely sick. You block the black mamba's attack.
The black mamba bites you!
You miss the black mamba. Your headbutt misses the black mamba.
The black mamba is almost dead.
* * * LOW HITPOINT WARNING * * *
You feel extremely sick. You block the black mamba's attack.
The black mamba bites you but does no damage.
You slash the black mamba! You burn the black mamba.
You kill the black mamba!
Fedhas appreciates your contribution to the ecosystem.
* * * LOW HITPOINT WARNING * * *
You feel very sick.
Unknown command.
There is a lethal amount of poison in your body!
Okay, then.
* * * LOW HITPOINT WARNING * * *
You feel very sick.
* * * LOW HITPOINT WARNING * * *
You feel very sick.
* * * LOW HITPOINT WARNING * * *
You feel sick.
Okay, then.
Okay, then.
You feel protected.
* * * LOW HITPOINT WARNING * * *
You feel sick.
* * * LOW HITPOINT WARNING * * *
You feel sick.
* * * LOW HITPOINT WARNING * * *
You feel sick.
You die...
Fedhas appreciates your contribution to the ecosystem.

.#.#####P##............
#### ##............ .#
#............. ##
##............ .#
#............ . ## #####
#...##P..###..
####...####.....(.......
..............#.......#.
..............#.@.......
..............#.......#.
.)##..###.....#.......#
.###### ##....#.........
## #....###.#+#... #
#....). .. .. #
#.#.#.#.##. . ........
.#.#.#.


There were no monsters in sight!

Vanquished Creatures
  2 black mambas (Lair:1)
  An unseen horror zombie (D:6)
  A troll (D:6)
  The ghost of oldmanjim the Vexing, an amateur GnHs of Okawaru (D:6)
  A shadow (D:6)
  7 yaks (D:8)
  An unseen horror simulacrum (D:6)
  3 wyverns (D:8)
  Eustachio (D:6)
  A steam dragon (D:7)
  A water moccasin (D:5)
  2 orc warriors (D:8)
  3 black bears
  The ghost of DrKenneth the Covered, an amateur MiFi (D:3)
  2 ice beasts
  A sky beast (D:7)
  6 wolves (Lair:1)
  2 centaurs
  2 ogres
  3 bullfrogs
  5 kobold brigands
  3 scorpions
  A necrophage (D:6)
  An orc priest (D:8)
  2 hounds
  A centaur skeleton (D:6)
  A gnoll bouda (D:5)
  2 jellies (D:6)
  5 iguanas
  2 orc wizards
  A howler monkey zombie (D:6)
  7 adders
  6 gnolls
  A shadow imp (D:8)
  2 white imps
  An ufetubus (D:5)
  3 dart slugs
  22 orcs
  7 ball pythons
  2 bats
  7 endoplasms
  4 giant cockroaches
  6 goblins
  10 hobgoblins
  8 jackals
  23 kobolds
  A frilled lizard (D:3)
  4 rats
180 creatures vanquished.

Vanquished Creatures (others)
  4 fungi
  3 plants (Lair:1)
7 creatures vanquished.

Grand Total: 187 creatures vanquished

Notes
Turn   | Place    | Note
-------+----------+-------------------------------------------
     0 | D:1      | NinjaNoafa the Minotaur Fighter began the quest for the
                  | Orb.
     0 | D:1      | Reached XP level 1. HP: 19/19 MP: 0/0
   222 | D:1      | Reached skill level 3 in Axes
   222 | D:1      | Reached XP level 2. HP: 26/26 MP: 1/1
   327 | D:1      | Found a faded altar of an unknown god.
   483 | D:1      | Reached XP level 3. HP: 31/31 MP: 2/2
   927 | D:2      | Reached skill level 4 in Axes
  1095 | D:2      | Reached XP level 4. HP: 39/39 MP: 3/3
  1379 | D:3      | Noticed DrKenneth's ghost (amateur MiFi)
  1382 | D:3      | Found a runed translucent door.
  1609 | D:3      | Found a shimmering blue altar of Sif Muna.
  1733 | D:3      | Reached skill level 5 in Armour
  2163 | D:3      | Noticed a kobold brigand
  2163 | D:3      | Noticed a kobold brigand
  2170 | D:3      | Killed a kobold brigand
  2171 | D:3      | Reached skill level 5 in Axes
  2171 | D:3      | Reached XP level 5. HP: 36/45 MP: 4/4
  2829 | D:4      | Found a glowing golden altar of the Shining One.
  2879 | D:4      | Reached XP level 6. HP: 51/51 MP: 5/5
  2981 | D:4      | Reached skill level 6 in Axes
  3211 | D:5      | Entered Level 5 of the Dungeon
  3500 | D:5      | Found Kytra's Antique Armour Boutique.
  3578 | D:5      | Noticed an ice beast
  3587 | D:5      | Killed an ice beast
  3588 | D:5      | Reached skill level 7 in Axes
  3660 | D:5      | Reached XP level 7. HP: 41/57 MP: 6/6
  3754 | D:5      | Reached skill level 8 in Axes
  4115 | D:5      | Reached skill level 9 in Axes
  4609 | D:5      | Found a broken altar of Ashenzari.
  4613 | D:5      | Saw a vision of the Swamp and the Spider Nest.
  4613 | D:5      | Noticed a culicivora
  4613 | D:5      | Noticed a jorogumo
  4613 | D:5      | Noticed a culicivora
  4613 | D:5      | Noticed a pharaoh ant
  4613 | D:5      | Noticed a tarantella
  4613 | D:5      | Noticed a tarantella
  4613 | D:5      | Noticed an orb spider
  4613 | D:5      | Noticed a jumping spider
  4613 | D:5      | Noticed a redback
  4613 | D:5      | Noticed a redback
  4613 | D:5      | Noticed a moth of wrath
  4613 | D:5      | Noticed a spriggan druid
  4613 | D:5      | Noticed a six-headed hydra
  4613 | D:5      | Noticed a spriggan rider
  4613 | D:5      | Noticed a will-o-the-wisp
  4613 | D:5      | Noticed a spriggan druid
  4613 | D:5      | Noticed a vampire mosquito
  4613 | D:5      | Noticed a tyrant leech
  4613 | D:5      | Noticed a tyrant leech
  4616 | D:5      | Noticed a tarantella
  4616 | D:5      | Noticed a spriggan druid
  4617 | D:5      | Noticed a redback
  4657 | D:6      | Identified the +5 scale mail of Lugonu's Benevolence {+Inv
                  | rElec}
  4796 | D:6      | Reached skill level 10 in Axes
  4856 | D:6      | Reached XP level 8. HP: 41/64 MP: 7/7
  5207 | D:6      | Noticed Eustachio
  5227 | D:6      | Killed Eustachio
  5284 | D:6      | Reached skill level 11 in Axes
  5293 | D:6      | Found a transporter.
  5293 | D:6      | Found a transporter.
  5294 | D:6      | Noticed a troll
  5308 | D:6      | Found a blossoming altar of Fedhas.
  5410 | D:6      | Found a runed translucent gate.
  5410 | D:6      | Found a runed translucent gate.
  5411 | D:6      | Found a runed translucent gate.
  5414 | D:6      | Noticed oldmanjim's ghost (amateur GnHs)
  5752 | D:6      | Killed oldmanjim's ghost
  5753 | D:6      | Reached skill level 12 in Axes
  5753 | D:6      | Reached skill level 5 in Fighting
  5913 | D:7      | Found Irchoyray's Assorted Antiques.
  5913 | D:7      | Found Huidaurr's Weapon Boutique.
  5924 | D:7      | Reached XP level 9. HP: 65/75 MP: 8/8
  6091 | D:7      | Found a staircase to the Ecumenical Temple.
  6102 | D:7      | Reached skill level 13 in Axes
  6223 | Temple   | Entered the Ecumenical Temple
  6637 | D:7      | Found Dubocano's Weapon Shop.
  6931 | D:3      | Killed DrKenneth's ghost
  7049 | D:6      | Reached skill level 14 in Axes
  7053 | D:6      | HP: 3/75 [troll (6)]
  7053 | D:6      | HP: 1/75 [shadow (2)]
  7059 | D:6      | Killed a troll
  7286 | D:6      | Became a worshipper of Fedhas Madash
  7398 | D:8      | Reached skill level 15 in Axes
  7401 | D:8      | Reached XP level 10. HP: 35/83 MP: 9/9
  7625 | D:8      | Found Ojomn's General Store.
  7633 | D:8      | Bought a scroll of brand weapon for 123 gold pieces
  7633 | D:8      | Bought a scroll of identify for 26 gold pieces
  7633 | D:8      | Bought a scroll of teleportation for 39 gold pieces
  7708 | D:8      | Reached skill level 16 in Axes
  7918 | D:8      | Reached * piety under Fedhas
  7945 | D:8      | Found a staircase to the Lair.
  8500 | Lair:1   | Entered Level 1 of the Lair of Beasts
  8525 | Lair:1   | Noticed a black mamba
  8532 | Lair:1   | Killed a black mamba
  8533 | Lair:1   | Reached skill level 17 in Axes
  8769 | Lair:1   | Noticed a black mamba
  8779 | Lair:1   | Killed a black mamba
  8783 | Lair:1   | HP: 3/83 [poisoned by a black mamba]
  8785 | Lair:1   | HP: 1/83 [poisoned by a black mamba]
  8786 | Lair:1   | Succumbed to a black mamba's poison

Illustrated notes

Levels and vault maps discovered:
D:1:      reono_arrival_forest_river, layout_basic,
          ebering_ecumenical_altar_hall
D:2:      layout_basic
D:3:      cheibrodos_thug_alley, layout_basic, mainiacjoe_overflow_alcove_2,
          hellmonk_ghost_happy_afterlife
D:4:      layout_basic, mainiacjoe_overflow_alcove_1
D:5:      layout_loops_corners, grunt_ashenzari_visionary
          [grunt_ashenzari_visionary_swamp, grunt_ashenzari_visionary_spider],
          serial_shops, nicolae_shop_stone
D:6:      layout_basic, gammafunk_temple_overflow_arena,
          gammafunk_ghost_necromancy, kennysheep_generic_room_14, uniq_eustachio
D:7:      layout_cave_pools, minmay_temple_entry_mini_moons, serial_shops, shop,
          nicolae_shop_bloodbath_and_beyond, nicolae_shop_trees
D:8:      layout_basic, david_lair_generic, serial_shops, nicolae_square_shop,
          chequers_serial_rivers_micro_e
Temple:   hellmonk_temple_flake
Lair:1:   layout_chaotic_city, lightli_volcano_entry_magma_tube, st_stairs_10

Skill      XL: |  1  2  3  4  5  6  7  8  9 10 |
---------------+-------------------------------+-----
Axes           | 3 4 5 7 10 12 15 17 | 17.8
Armour         | 4 5 6 |  6.0
Fighting       | 6 |  6.0
Shields        | |  3.6

Action                   |  1- 3 |  4- 6 |  7- 9 | 10-12 || total
-------------------------+-------+-------+-------+-------++-------
Melee: War axe           |    60 |   113 |   115 |       ||   288
       Headbutt          |    10 |     8 |    30 |    13 ||    61
       Broad axe         |       |       |    57 |    80 ||   137
Throw: Boomerang         |       |    10 |    21 |       ||    31
       Dart              |       |       |     8 |       ||     8
  Use: Potion            |       |     1 |    11 |     1 ||    13
       Scroll            |       |       |       |    13 ||    13
Armor: Scale mail        |    31 |    63 |   129 |    39 ||   262
Dodge: Dodged            |    33 |    52 |    97 |    23 ||   205
Block: Buckler           |    17 |    31 |    54 |       ||   102
       Tower shield      |       |       |    21 |    62 ||    83

Table legend: (Time is in decaauts)
 A = Elapsed time spent in this place.
 B = Non-inter-level travel time spent in this place.
 C = Inter-level travel time spent in this place.
 D = Time resting spent in this place.
 E = Time spent auto-exploring this place.
 F = Levels seen in this place.
 G = Mean time per level.
                   A        B        C        D        E       F      G
               +--------+--------+--------+--------+--------+-----+--------+
         Total |   8918 |   8440 |    478 |    111 |   6930 |  10 |  891.8 |
       Dungeon |   8477 |   8000 |    477 |    111 |   6575 |   8 | 1059.6 |
        Temple |    151 |    150 |      1 |      0 |    130 |   1 |  151.0 |
          Lair |    289 |    289 |      0 |      0 |    225 |   1 |  289.0 |
               +--------+--------+--------+--------+--------+-----+--------+

Top non-repeatable levels by time:
     D:6: 1672 daAuts
     D:3: 1373 daAuts
     D:5: 1339 daAuts
     D:8: 1163 daAuts
     D:7: 793 daAuts
     D:1: 778 daAuts
     D:4: 767 daAuts
     D:2: 589 daAuts
  Lair:1: 289 daAuts
  Temple: 151 daAuts
